 Dungeon Crawl Stone Soup version 0.24.0 (webtiles) character file.

Game seed: 13134350681951539513, levelgen mode: deterministic

136 Buxparty the Skirmisher (level 4, 0/35 HPs)
             Began as a Mummy Gladiator on Jan 27, 2020.
             Slain by an orc
             ... wielding a +0 trident
              (4 damage)
             ... on level 3 of the Dungeon.
             The game lasted 00:05:01 (2086 turns).

Buxparty the Skirmisher (Mummy Gladiator)           Turns: 2086, Time: 00:05:02

Health: 0/35       AC:  7    Str: 22    XL:     4   Next: 98%
Magic:  4/4        EV: 12    Int:  7    God:
Gold:   180        SH:  0    Dex: 13    Spells: 3/3 levels left

rFire    . . .     SeeInvis .   a - +1 trident
rCold    + . .     Gourm    .   (no shield)
rNeg     + + +     Faith    .   h - +1 ring mail {rF+}
rPois    ∞         Spirit   .   c - +0 helmet
rElec    .         Reflect  .   (no cloak)
rCorr    .         Harm     .   (no gloves)
MR       .....                  (no boots)
Stlth    +.........             r - amulet of regeneration
HPRegen  0.51/turn              p - +4 ring of strength
MPRegen  0.09/turn              (no ring)

@: no status effects
A: no food or potions, fire vulnerability, cold resistance 1, negative energy
resistance 3, torment resistance, unbreathing
a: no special abilities


You were on level 3 of the Dungeon.
You were not hungry.

You visited 1 branch of the dungeon, and saw 3 of its levels.

You collected 180 gold pieces.

Inventory:

Hand Weapons
 a - a +1 trident (weapon)
Missiles
 d - 3 throwing nets (quivered)
 j - 13 poisoned darts
Armour
 b - a +0 leather armour
 c - a +0 helmet (worn)
 h - a +1 ring mail of fire resistance (worn)
Jewellery
 e - an uncursed amulet of guardian spirit
 p - a +4 ring of strength (left hand)
 r - an amulet of regeneration (around neck)
Wands
 q - a wand of paralysis (11)
Scrolls
 f - a scroll of enchant weapon
 m - 2 scrolls of immolation {unknown}
 n - a scroll of blinking {unknown}
 o - a scroll of amnesia {unknown}


   Skills:
 + Level 3.4 Fighting
 + Level 3.3 Polearms
 - Level 1.5 Throwing
 + Level 3.3 Dodging


You had 3 spell levels left.
You didn't know any spells.
Your spell library was empty.

Dungeon Overview and Level Annotations

Branches:
Dungeon (3/15)

Altars:
Fedhas
Hepliaklqana
Makhleb
Uskayaw
Yredelemnul
The Shining One

Annotations:
D:2 Sigmund


Innate Abilities, Weirdness & Mutations

You do not eat or drink.
Your flesh is vulnerable to fire.
You are immune to poison.
Your flesh is cold resistant. (rC+)
You are immune to negative energy. (rN+++)
You are immune to unholy pain and torment.
You can survive without breathing.


Message History

The orc hits you from afar with a +0 trident.
You hear some strange, mumbled words.
A magic dart appears from out of thin air!
The magic dart hits you.
You completely miss something. The orc hits you but does no damage.
Something hits you but does no damage.
You miss something. The orc barely misses you.
Something hits you but does no damage.
You completely miss something.
You hear some strange, mumbled words.
Something tries to affect you, but you resist.
The orc hits you but does no damage.
You closely miss something.
The orc priest mumbles some strange prayers to Beogh against you.
Beogh smites you! Something barely misses you.
The orc hits you from afar with a +0 trident!
* * * LOW HITPOINT WARNING * * *
You closely miss something. Something hits you but does no damage.
The orc hits you from afar with a +0 trident.
You die...

#.# ######. #.#
#......
#.##########...[..
#..........#.....#
#..........#.....#
#................'
#.#####..........#
#.# #♣♣♣♣......#
#@# ♣.P.♣.....#
#{# PP≈P.♣..####
#o# ♣≈≈≈..♣.♣ #o#
♣≈≈≈.P..♣ #o#
♣P.≈....♣♣ #o#
♣♣♣P♣♣P♣♣ #.# ♣♣ ♣
#.#


You could see an orc priest, an orc wizard and 2 orcs.

Vanquished Creatures
  Natasha (thrice) (D:3)
  2 adders (D:3)
  A worm (D:3)
  2 leopard geckos
  An orc (D:3)
  7 hobgoblins
  2 jackals (D:2)
  A quokka (D:3)
  A ball python (D:3)
  5 bats
  A frilled lizard (D:1)
  6 goblins
  6 kobolds
  7 rats
45 creatures vanquished.

Notes
Turn   | Place    | Note
-------+----------+-------------------------------------------
     0 | D:1      | Buxparty the Mummy Gladiator began the quest for the Orb.
     0 | D:1      | Reached XP level 1. HP: 16/16 MP: 1/1
   192 | D:1      | Reached XP level 2. HP: 21/22 MP: 2/2
   840 | D:2      | Reached XP level 3. HP: 28/28 MP: 3/3
   908 | D:2      | Found a blossoming altar of Fedhas.
  1103 | D:2      | Found a burning altar of Makhleb.
  1103 | D:2      | Found a glowing golden altar of the Shining One.
  1108 | D:2      | Found a basalt altar of Yredelemnul.
  1110 | D:2      | Found a hide-covered altar of Uskayaw.
  1111 | D:2      | Found a hazy altar of Hepliaklqana.
  1180 | D:2      | Noticed Sigmund
  1501 | D:3      | Noticed Natasha
  1508 | D:3      | Killed Natasha
  1571 | D:3      | Noticed Natasha
  1578 | D:3      | Killed Natasha
  1578 | D:3      | Reached XP level 4. HP: 29/35 MP: 4/4
  1896 | D:3      | Noticed Natasha
  1901 | D:3      | Killed Natasha
  2086 | D:3      | Slain by an orc

Levels and vault maps discovered:
D:1:      dpeg_arrival_simpleton_b, layout_loops_ring
D:2:      layout_loops_corners, nicolae_overflow_crystal_walls,
          chequers_temple_overflow_minitemple, fedhas_altar_4, uniq_sigmund
D:3:      layout_basic, first_ration, serial_forest,
          infiniplex_forest_lined_3_way, infiniplex_forest_end_2,
          infiniplex_forest_straight_2, infiniplex_forest_pool,
          infiniplex_forest_lined_2, serial_park_tiny_2, uniq_natasha
